 Dungeon Crawl Stone Soup version 0.32-a0-576-g706899e69d (webtiles) character file.

Game seed: 17147838138213382691

51 Dittersdorf the Shield-Bearer (level 3, -1/24 HPs)
             Began as a Gargoyle Fighter on Mar 1, 2024.
             Slain by a goblin
             ... wielding a +1 dagger of speed
              (3 damage)
             ... on level 1 of the Dungeon.
             The game lasted 00:00:42 (1086 turns).

Dittersdorf the Shield-Bearer (Gargoyle Fighter)    Turns: 1086, Time: 00:00:42

Health: -1/24      AC: 11    Str: 21    XL:     3   Next: 81%
Magic:  3/3        EV:  9    Int:  8    God:
Gold:   51         SH:  4    Dex:  9    Spells: 2/2 levels left

rFire   . . .        a - +0 flail
rCold   . . .        c - +0 buckler
rNeg    + . .        b - +0 scale mail
rPois   ∞            j - +0 helmet
rElec   +            (no cloak)
rCorr   .            (no gloves)
SInv    .            (no boots)
Will    .....        (no amulet) Stlth
                     (no ring)
HPRegen 0.24/turn    (no ring)
MPRegen 0.08/turn

%: no passive effects
@: no status effects
A: sickness immunity, AC +3, negative energy resistance 1, electricity
resistance, torment resistance 1, petrification resistance
a: no special abilities


You were on level 1 of the Dungeon.
You visited 1 branch of the dungeon, and saw 2 of its levels.

You collected 51 gold pieces.

Inventory:

Hand Weapons
 a - a +0 flail (weapon)
Armour
 b - a +0 scale mail (worn)
 c - a +0 buckler (worn)
 j - a +0 helmet (worn)
Scrolls
 f - 4 scrolls of fear {unknown}
 g - a scroll of identify {unknown}
 h - a scroll of noise {unknown}
Potions
 d - a potion of might
 e - a potion of lignification {unknown}
 i - a potion of brilliance {unknown}


   Skills:
 + Level 3.8 Fighting
 + Level 2.6 Maces & Flails
 + Level 3.8 Armour
 + Level 3.8 Shields


You had 2 spell levels left.
You didn't know any spells.
Your spell library was empty.

Dungeon Overview and Level Annotations

Branches:
Dungeon (2/15)

Altars:

Shops:
D:1 ?

Annotations:
D:2 Jessica


Innate Abilities, Weirdness & Mutations

You are immune to sickness and miasma.
Your stone body is resilient. (AC +3)
You are immune to poison.
You resist negative energy. (rN+)
You are resistant to electric shocks. (rElec)
You are resistant to unholy torment.
You are immune to petrification.


Message History

The orc priest shouts, "The Pantheon deserves no one's loyalty.
Let us show you the true path!"
The orc priest is lightly wounded.
The orc priest shouts, "Surrender to Beogh and we'll let you live!"
The goblin hits you with a +1 dagger of speed.
The orc priest hits you but does no damage.
The goblin hits you but does no damage.
The orc priest shouts, "The Pantheon deserves no one's loyalty.
Let us show you the true path!"
You hit the orc priest.
The orc priest shouts, "The Pantheon deserves no one's loyalty.
Let us show you the true path!"
The orc priest is moderately wounded.
The orc priest invokes the aid of Beogh against you.
Beogh smites you!
* * * LOW HITPOINT WARNING * * *
You block the goblin's attack. The goblin hits you but does no damage.
You sock the orc priest!
The orc priest is almost dead.
The orc priest hits you but does no damage.
The goblin hits you but does no damage. The goblin closely misses you.
The orc priest barely misses you.
You barely miss the orc priest.
The orc priest is almost dead.
The goblin barely misses you. You block the orc priest's attack.
The goblin hits you but does no damage.
You closely miss the orc priest.
The orc priest is almost dead.
The goblin hits you but does no damage. The orc priest barely misses you.
The goblin hits you but does no damage.
The orc priest shouts, "Surrender to Beogh and we'll let you live!"
You hit the orc priest.
You kill the orc priest!
The goblin barely misses you.
The goblin hits you with a +1 dagger of speed.
* * * LOW HITPOINT WARNING * * *
You have reached level 3!
Your experience leads to an increase in your attributes!
Increase (S)trength, (I)ntelligence, or (D)exterity?
You feel stronger. x2
You closely miss the goblin. The goblin hits you but does no damage.
The goblin hits you with a +1 dagger of speed.
You die...

........# #...# #######.# #.#.# #
#.# #.#.# # #.# #.#.# # #.# #.#.#
# #.# #.#.# # #.####### #.#.# #
#.##....##########.#.###### #
#.##†##.##@)............... #
#.##..#.##g#######)........ #
#.##..#....# #......###
#######.###.####.#######.....÷'..
..............................###
.######.###.####.########.....#
.##..............#............# #
.##.###.###...#..#.....##.....# #
.##.#.....#...#..#.....##.....# #


You could see a goblin.

Vanquished Creatures
  An orc priest (D:1)
  A ball python (D:1)
  6 endoplasms (D:1)
  3 giant cockroaches (D:1)
  3 hobgoblins (D:1)
  A quokka (D:1)
  A frilled lizard (D:1)
  A kobold (D:1)
  2 rats (D:1)
19 creatures vanquished.

Notes
Turn   | Place    | Note
-------+----------+-------------------------------------------
     0 | D:1      | Dittersdorf the Gargoyle Fighter began the quest for the
                  | Orb.
     0 | D:1      | Reached XP level 1. HP: 14/14 MP: 1/1
    94 | D:1      | Found Fisikek's Magic Scroll Shop.
   236 | D:1      | Reached XP level 2. HP: 16/19 MP: 2/2
   943 | D:1      | Found a faded altar of an unknown god.
  1010 | D:2      | Noticed Jessica
  1086 | D:1      | Reached XP level 3. HP: 1/24 MP: 3/3
  1086 | D:1      | Slain by a goblin

Illustrated notes

Levels and vault maps discovered:
D:1:      ebering_trefoil_twist, layout_basic, serial_shops,
          nicolae_diamond_shop, basic_ecumenical_altar
D:2:      layout_basic, minmay_rat_hole, uniq_jessica

Action                     || total
---------------------------++-------
  Melee: Flail             ||    58
 Armour: Scale mail        ||    60
  Dodge: Dodged            ||    27
  Block: Buckler           ||    11

Table legend: (Time is in decaauts)
 A = Elapsed time spent in this place.
 B = Non-inter-level travel time spent in this place.
 C = Inter-level travel time spent in this place.
 D = Time resting spent in this place.
 E = Time spent auto-exploring this place.
 F = Levels seen in this place.
 G = Mean time per level.
                   A        B        C        D        E       F      G
               +--------+--------+--------+--------+--------+-----+--------+
         Total |   1106 |   1062 |     44 |     50 |    854 |   2 |  553.0 |
       Dungeon |   1106 |   1062 |     44 |     50 |    854 |   2 |  553.0 |
               +--------+--------+--------+--------+--------+-----+--------+

Top non-repeatable levels by time:
     D:1: 1096 daAuts
     D:2: 9 daAuts
